 Dungeon Crawl Stone Soup version 0.26-a0-30-g56b8cd3df0 (webtiles) character file.

Game seed: 2736346824464003649, levelgen mode: deterministic

672 Lanoc the Insei (level 7, -6/51 HPs)
             Began as a Vampire Transmuter on May 30, 2020.
             Was an Initiate of Wu Jian.
             Killed by nerve-wracking pain
             ... invoked by Menkaure
              (13 damage)
             ... on level 5 of the Dungeon.
             The game lasted 00:08:35 (4043 turns).

Lanoc the Insei (Vampire Transmuter)                Turns: 4043, Time: 00:08:37

Health: -6/51      AC:  4    Str:  9    XL:     7   Next: 32%
Magic:  5/10       EV: 13    Int: 16    God:    Wu Jian [......]
Gold:   207        SH:  4    Dex: 16    Spells: 4/10 levels left

rFire    . . .     SeeInvis +     - Unarmed
rCold    . . .     Gourm    .   e - +0 buckler
rNeg     . . .     Faith    .   f - +0 troll leather armour {Purgy}
rPois    .         Spirit   .   m - +0 hat
rElec    .         Reflect  .   (no cloak)
rCorr    .         Harm     .   (no gloves)
MR       .....                  (no boots)
Stlth    +.........             (no amulet)
HPRegen  0.77/turn              (no ring)
MPRegen  0.12/turn              (no ring)

@: appendage, regenerating quickly
A: no food, fangs 3, horns 2, see invisible, unbreathing
a: Exsanguinate, End Transformation, Renounce Religion


You were on level 5 of the Dungeon.
You worshipped Wu Jian.
Wu Jian was noncommittal.
You were alive.
You had grown temporary horns.
You visited 1 branch of the dungeon, and saw 5 of its levels.

You collected 207 gold pieces.

Inventory:

Missiles
 a - 52 arrows
Armour
 e - a +0 buckler (worn)
 f - a +0 troll leather armour (worn) {Purgy}
 m - a +0 hat (worn)
Scrolls
 d - 4 scrolls of identify
 h - 2 scrolls of amnesia {unknown}
 i - a scroll of blinking {unknown}
 k - 2 scrolls of noise {unknown}
 l - a scroll of fog {unknown}
 o - a scroll of remove curse
Potions
 j - 2 potions of curing
 n - 2 potions of degeneration


   Skills:
 + Level 2.8 Fighting
 + Level 3.9 Dodging
 * Level 1.6 Shields
 * Level 5.9 Unarmed Combat
 - Level 2.0 Spellcasting
 * Level 5.3 Transmutations


You had 4 spell levels left.
You knew the following spells:

 Your Spells              Type           Power        Failure   Level  Hunger
a - Beastly Appendage     Tmut           ###...       4%          1    N/A
b - Sticks to Snakes      Tmut           ###.....     7%          2    N/A
c - Spider Form           Tmut/Pois      ##........   38%         3    N/A

Your spell library contained the following spells:

 Spells                   Type           Power        Failure   Level  Hunger
 Animate Skeleton         Necr           N/A          36%         1    N/A
 Apportation              Tloc           #.....       36%         1    N/A
 Corona                   Hex            #......      36%         1    N/A
 Summon Small Mammal      Summ           #...         36%         1    N/A
 Ice Form                 Ice/Tmut       ##......     80%         4    N/A
 Blade Hands              Tmut           ###.......   77%         5    N/A

Dungeon Overview and Level Annotations

Branches:
Dungeon (5/15)
 Temple: D:4-7

Altars:
Okawaru
Uskayaw
Wu Jian

Annotations:
D:5 Menkaure


Innate Abilities, Weirdness & Mutations

You do not eat.
Your natural rate of healing is unusually fast.
You have razor-sharp teeth.
You have supernaturally acute eyesight. (SInv)
You can survive without breathing.
You have a pair of horns on your head.


Message History

Confirm with . or Enter, or press ? or * to list all spells.
You grow a pair of large bovine horns.
Menkaure gestures at you while chanting.
Pain shoots through your body!
Your ball python bites Menkaure but does no damage.
Your ball python grabs Menkaure.
Your ball python constricts Menkaure.
Menkaure hits your ball python!
Your ball python dies!
You see here 19 gold pieces.
Menkaure shouts!
You hit Menkaure.
Menkaure is lightly damaged.
Menkaure hits you!
Casting: Beastly Appendage (safe; 4% risk of failure)
Confirm with . or Enter, or press ? or * to list all spells.
You create a snake!
You now have 52 arrows.
Menkaure hits you!!
* * * LOW HITPOINT WARNING * * *
Menkaure points at you and mumbles some strange words.
Pain shoots through your body!
You die...

≈≈≈ ≈≈≈≈ ##### ≈≈≈≈###
##########...### ≈≈≈≈...
#.(.....#....... ≈≈≈≈...
#.#####.......##
≈≈≈≈...##.# #.#.....##
≈≈≈≈≈...#.# #........#
≈≈≈≈≈S.@..# ##.♣♣♣♣♣..#
#≈≈≈≈(M...####..♣ ♣♣..
#≈≈≈≈..........♣♣ ♣..
#≈≈≈≈≈......##.♣♣ ♣.(
#≈≈≈≈≈......##..♣♣♣♣♣♣..
##≈≈≈≈#####.####........
# #≈≈≈≈≈####.##
###M..... ##
#≈≈≈≈≈#.....# #.####. .
..# 88≈≈≈≈≈88..!#####.#
#.


You could see Menkaure (fast) and a friendly ball python.

Vanquished Creatures
  Purgy (D:4)
  An ogre (D:4)
  A centaur (D:5)
  A bullfrog zombie (D:5)
  A hound (D:4)
  3 worker ants
  A gnoll (D:4)
  An adder (D:2)
  A shadow imp (D:5)
  An ooze (D:4)
  An adder skeleton (D:4)
  A worm (D:2)
  3 dart slugs
  3 leopard geckos
  7 orcs
  3 giant cockroaches
  10 goblins
  10 hobgoblins
  6 jackals (D:1)
  A quokka (D:3)
  2 ball pythons
  2 bats
  5 frilled lizards
  3 kobolds
  4 rats
73 creatures vanquished.

Vanquished Creatures (collateral kills)
  A centaur (D:5)
  A scorpion (D:5)
  Jessica (D:2)
  2 iguanas (D:4)
  2 worker ants (D:4)
  2 gnolls (D:4)
  3 worms
  A leopard gecko skeleton (D:5)
  A rat (D:3)
14 creatures vanquished.

Vanquished Creatures (others)
  2 adders (D:3)
  A hobgoblin (D:3)
3 creatures vanquished.

Grand Total: 90 creatures vanquished

Notes
Turn   | Place    | Note
-------+----------+-------------------------------------------
     0 | D:1      | Lanoc the Vampire Transmuter began the quest for the Orb.
     0 | D:1      | Reached XP level 1. HP: 14/14 MP: 3/3
    61 | D:1      | Reached skill level 1 in Fighting
   189 | D:1      | Reached XP level 2. HP: 18/21 MP: 3/5
   224 | D:1      | Learned a level 2 spell: Sticks to Snakes
   744 | D:1      | Reached XP level 3. HP: 26/26 MP: 4/6
  1015 | D:2      | Found a hide-covered altar of Uskayaw.
  1578 | D:2      | Noticed Jessica
  1583 | D:2      | Killed Jessica
  1583 | D:2      | Reached XP level 4. HP: 31/32 MP: 3/7
  2297 | D:4      | Noticed Purgy
  2360 | D:4      | Learned a level 3 spell: Spider Form
  2375 | D:4      | Reached XP level 5. HP: 30/38 MP: 4/8
  2724 | D:4      | Reached skill level 5 in Unarmed Combat
  2825 | D:4      | Noticed an ogre
  2847 | D:4      | Killed an ogre
  2847 | D:4      | Reached XP level 6. HP: 13/44 MP: 0/9
  3139 | D:4      | Killed Purgy
  3298 | D:4      | Found an iron altar of Okawaru.
  3596 | D:5      | Entered Level 5 of the Dungeon
  3740 | D:5      | Reached skill level 5 in Transmutations
  3854 | D:5      | Noticed Menkaure
  3879 | D:5      | Found an ornate altar of the Wu Jian Council.
  3887 | D:5      | Became a worshipper of the Wu Jian Council
  3944 | D:5      | Reached skill level 1 in Shields
  3944 | D:5      | Reached XP level 7. HP: 32/51 MP: 5/10
  4043 | D:5      | Killed from afar by Menkaure

Illustrated notes

Levels and vault maps discovered:
D:1:      beargit_arrival_greenhouse, layout_basic
D:2:      layout_basic, old_standard_altar, uniq_jessica
D:3:      layout_basic, first_ration, lemuel_old_faithful
D:4:      layout_basic, okawaru_trees_1, uniq_purgy
D:5:      wander_river, layout_loops_ring, nicolae_ru_the_path_less_chosen,
          lemuel_round_altar, dk_vineyard_1, nrook_campfire, hex_tiny,
          uniq_menkaure

Skill      XL: |  1  2  3  4  5  6 |
---------------+-------------------+-----
Fighting       | 1 2 |  2.8
Transmutations | 3 4 5 |  5.3
Unarmed Combat | 4 5 |  5.9
Dodging        | 3 |  3.9
Shields        | 1 |  1.6
Spellcasting   | |  2.0

Action                   |  1- 3 |  4- 6 |  7- 9 || total
-------------------------+-------+-------+-------++-------
Melee: Unarmed           |   124 |   171 |     6 ||   301
       Headbutt          |    14 |    12 |     1 ||    27
       Punch             |     1 |     2 |       ||     3
       Kick              |    14 |    17 |       ||    31
       Bite              |     8 |    13 |     2 ||    23
 Cast: Beastly Appendage |    28 |    29 |     1 ||    58
       Sticks to Snakes  |     3 |    33 |     2 ||    38
Invok: Lunge             |       |       |     2 ||     2
  Use: Scroll            |       |     4 |       ||     4
       Potion            |       |     6 |       ||     6
 Stab: Distracted        |       |     2 |       ||     2
Armor: Robe              |    13 |    11 |       ||    24
       Troll leather arm |       |     5 |     2 ||     7
       Skin              |       |     3 |       ||     3
Dodge: Dodged            |    84 |   117 |     2 ||   203
Block: Buckler           |       |    10 |     2 ||    12

Table legend:
 A = Non-vault XP
 B = Vault XP
 C = Vault XP percentage of total XP
 D = Non-vault monster count
 E = Vault monster count
 F = Vault count percentage of total count
                 A         B        C        D         E       F
            +---------+---------+-------+---------+---------+-------
      Total |     822 |     138 |  14.4 |      85 |       2 |   2.3
            +---------+---------+-------+---------+---------+-------
        D:1 |      45 |       0 |   0.0 |      25 |       0 |   0.0
        D:2 |      60 |      30 |  33.3 |      22 |       1 |   4.3
        D:3 |      31 |       0 |   0.0 |      13 |       0 |   0.0
        D:4 |     323 |     108 |  25.1 |      16 |       1 |   5.9
        D:5 |     363 |       0 |   0.0 |       9 |       0 |   0.0
            +---------+---------+-------+---------+---------+-------
